 Dungeon Crawl Stone Soup version 0.17.1-2-g5865329 (webtiles) character file.

114 Metrazal the Sneak (level 4, 0/22 HPs)
             Began as a Spriggan Assassin on Feb 7, 2016.
             Slain by Grinder (4 damage)
             ... on level 3 of the Dungeon.
             The game lasted 00:24:59 (2529 turns).

Metrazal the Sneak (Spriggan Assassin)              Turns: 2529, Time: 00:24:59

Health: 0/22       AC:  4    Str:  7    XL:     4   Next: 67%
Magic:  5/5        EV: 20    Int: 12    God:
Gold:   120        SH:  0    Dex: 18    Spells: 0 memorised, 3 levels left

rFire  . . .     SeeInvis +     a - +2 dagger
rCold  . . .     Clarity  .     u - +0 robe
rNeg   . . .     SustAt   .     (shield restricted)
rPois  .         Gourm    .     (helmet restricted)
rElec  .         Spirit   .     v - +1 cloak
rCorr  .         Warding  .     (gloves unavailable)
rMut   .         Stasis   .     (boots unavailable)
MR     .....                    (no amulet)
Stlth  ++++......               (no ring)
                                (no ring)

@: very quick, not resistant to hostile enchantments, stealthy
A: unfitting armour, see invisible, herbivore 3, speed 3, slow metabolism 2
a: no special abilities


You were on level 3 of the Dungeon.
You were not hungry.

You visited 1 branch of the dungeon, and saw 3 of its levels.

You collected 120 gold pieces.

Inventory:

Hand Weapons
 a - a +2 dagger (weapon)
 b - a +1 blowgun
 c - a -2 hunting sling
Missiles
 k - 13 sling bullets
 l - 80 stones (quivered)
 x - 41 arrows
Armour
 d - a +1 cloak
 u - a +0 robe (worn)
 v - a +1 cloak (worn)
Wands
 s - a wand of enslavement (9)
Scrolls
 i - a scroll of remove curse
 m - 2 scrolls of immolation
 n - a scroll of teleportation
 o - a scroll of magic mapping
 q - 2 scrolls of identify
 r - a scroll of fear {unknown}
 w - a scroll of random uselessness {unknown}
Potions
 h - a potion of resistance {unknown}
 j - a potion of experience {unknown}
 p - 2 potions of might {unknown}
 t - 2 potions of brilliance {unknown}
 z - a potion of lignification {unknown}
Comestibles
 g - a bread ration
 A - a slice of pizza


   Skills:
 - Level 1.5 Fighting
 - Level 2.1 Short Blades
 * Level 2.0(2.6) Slings
 - Level 2.0(2.3) Throwing
 + Level 4.3 Dodging
 + Level 7.4 Stealth


You had 3 spell levels left.
You didn't know any spells.

Dungeon Overview and Level Annotations

Branches:
Dungeon (3/15)

Altars:
Dithmenos
Zin

Annotations:
D:3 Grinder


Innate Abilities, Weirdness & Mutations

You are tiny and cannot use many weapons and most armour.
You have supernaturally acute eyesight.
You are a herbivore.
You cover ground extremely quickly.
You need consume almost no food.


Message History

You shrug off the repeated paralysis!
Grinder gestures at you. Pain shoots through your body!
You can move again.
Throwing (i - inventory):
l - 82 stones (quivered)
Press: ? - help, Shift-Dir - straight line, f/p - Grinder
Aim: Grinder (moderately wounded)
You throw a stone. The stone closely misses Grinder.
Throwing (i - inventory):
l - 81 stones (quivered)
Press: ? - help, Shift-Dir - straight line, f/p - Grinder
Aim: Grinder (moderately wounded)
You throw a stone. The stone barely misses Grinder.
Grinder hits you!
You writhe in agony.
* * * LOW HITPOINT WARNING * * *
You barely miss Grinder.
Grinder is moderately wounded.
Grinder hits you.
* * * LOW HITPOINT WARNING * * *
You writhe in agony.
You die...

...(..##.........###
..((. ##.......###.
...(. ##.....## #.
..( ##...## #. ...
##+# #. #.# #.# #.
#.# #.#######
#5########.##.....
#@..........#.####
########......# ##
##...#.###.
#.........
##.##.#### ####.####
#..... ######


You could see Grinder.

Vanquished Creatures
  6 adders
  2 worms (D:3)
  2 giant geckos (D:2)
  A ball python (D:2)
  4 bats
  4 giant cockroaches
  6 hobgoblins
  2 jackals (D:3)
  6 kobolds
  2 giant newts (D:1)
  5 goblins
  2 quokkas (D:3)
  12 rats (D:1)
54 creatures vanquished.

Notes
Turn   | Place    | Note
--------------------------------------------------------------
     0 | D:1      | Metrazal the Spriggan Assassin began the quest for the Orb.
     0 | D:1      | Reached XP level 1. HP: 10/10 MP: 2/2
    43 | D:1      | Reached skill level 6 in Stealth
   156 | D:1      | Reached XP level 2. HP: 14/14 MP: 3/3
   810 | D:1      | Reached XP level 3. HP: 18/18 MP: 4/4
   871 | D:2      | Found a shadowy altar of Dithmenos.
  1130 | D:2      | Reached skill level 7 in Stealth
  1384 | D:2      | Found a glowing silver altar of Zin.
  1388 | D:2      | Reached skill level 1 in Slings
  1861 | D:3      | Reached XP level 4. HP: 22/22 MP: 5/5
  2507 | D:3      | Noticed Grinder
  2513 | D:3      | Paralysed by Grinder for 6 turns
  2524 | D:3      | Paralysed by Grinder for 2 turns
  2529 | D:3      | Slain by Grinder

Action                   |  1- 3 |  4- 6 || total
-------------------------+-------+-------++-------
Melee: Dagger            |    43 |    29 ||    72
 Fire: Blowgun           |    38 |    20 ||    58
       Hunting sling     |     1 |       ||     1
Throw: Stone             |    29 |    32 ||    61
  Use: Scroll            |     7 |       ||     7
 Stab: Sleeping          |    27 |    10 ||    37
       Distracted        |     1 |       ||     1
